 Dungeon Crawl Stone Soup version 0.25-a0-160-gd1d2e81aba (webtiles) character file.

Game seed: 15928341397361384357, levelgen mode: deterministic

666 Gargoyl the Skirmisher (level 7, -5/88 HPs)
             Began as a Centaur Abyssal Knight on Nov 21, 2019.
             Was a Priest of Lugonu.
             Slain by an ice beast (7 damage)
             ... on level 5 of the Dungeon.
             The game lasted 00:05:37 (5565 turns).

Gargoyl the Skirmisher (Centaur Abyssal Knight)     Turns: 5565, Time: 00:05:38

Health: -5/88      AC: 23    Str: 17    XL:     7   Next: 31%
Magic:  9/9        EV:  1    Int: 11    God:    Lugonu [***...]
Gold:   280        SH:  3    Dex: 10    Spells: 6/6 levels left

rFire    . . .     SeeInvis .   a - +3 hand axe
rCold    . . .     Gourm    .   e - +0 buckler
rNeg     + + +     Faith    .   (armour currently unavailable)
rPois    +         Spirit   .   (helmet currently unavailable)
rElec    .         Reflect  .   (cloak currently unavailable)
rCorr    .         Harm     .   (gloves currently unavailable)
MR       .....     NoTele   +   (no barding)
Stlth    +.........             (no amulet)
HPRegen  0.24/turn              (no ring)
MPRegen  0.11/turn              (no ring)

@: tree-form
A: large, screaming 1, strong 1
a: Depart the Abyss, Bend Space, Banish, Renounce Religion


You were on level 5 of the Dungeon.
You worshipped Lugonu.
Lugonu was most pleased with you.
You were not hungry.
You were a tree.
You visited 1 branch of the dungeon, and saw 5 of its levels.
You visited the Abyss 1 time.

You collected 280 gold pieces.

Inventory:

Hand Weapons
 a - a +3 hand axe (weapon)
Armour
 d - a +0 chain mail (melded)
 e - a +0 buckler (worn)
 n - a +1 helmet
Scrolls
 f - 4 scrolls of identify
 h - a scroll of teleportation
Potions
 i - a potion of heal wounds
 k - a potion of cancellation
 l - a potion of magic
Comestibles
 b - 7 chunks of flesh
 c - 15 rations


   Skills:
 + Level 4.0 Fighting
 + Level 3.6 Axes
 * Level 3.8 Armour
 * Level 2.2 Dodging
 + Level 0.3 Shields
 * Level 3.9 Invocations


You had 6 spell levels left.
You didn't know any spells.
Your spell library was empty.

Dungeon Overview and Level Annotations

Branches:
Dungeon (5/15)
 Temple: D:4-7

Altars:
Ashenzari


Innate Abilities, Weirdness & Mutations

((You have hooves in place of feet.))
((Armour fits poorly on your strangely shaped body.))
((You cover ground very quickly.))
((You have extremely tough skin. (AC +3)))
((You have a pair of small horns on your head.))
You occasionally shout uncontrollably at your foes.
Your muscles are strong. (Str +2)


Message History

You slash the ice beast! Your kick misses the ice beast.
You headbutt the ice beast.
The ice beast is almost dead.
The ice beast hits you.
* * * LOW HITPOINT WARNING * * *
The ice beast freezes you!
* * * LOW HITPOINT WARNING * * *
Really quaff the potion of lignification?
You turn into a tree.
Your +0 chain mail melds into your body.
Your roots penetrate the ground.
You barely miss the ice beast.
The ice beast is almost dead.
The ice beast hits you but does no damage.
You hit the ice beast.
The ice beast is almost dead.
The ice beast hits you.
* * * LOW HITPOINT WARNING * * *
The ice beast freezes you!
You die...

#.# #.###.#.##.#####.##
#.# #.# #.#.....# ..#
#.####.###.####..# #..#
#.....................#
######.###.####.####..##
#.# #.#.#######...% #.#
#.#... .##..##
#.###.#.####..(....
#....♣Y......<#
#####.#.#........#
...#.#.#####..#
#####.#.# .# ....# ....#
.....# ######


You could see an ice beast.

Vanquished Creatures
  An ogre (D:4)
  A phantom (D:5)
  A scorpion (D:4)
  A hound (D:4)
  A bullfrog skeleton (D:4)
  A worker ant (D:4)
  3 orc wizards
  Natasha (twice) (D:4)
  9 adders
  A gnoll (D:1)
  An ooze (D:2)
  4 worms
  3 dart slugs
  4 leopard geckos
  19 orcs
  A ball python (D:4)
  7 giant cockroaches
  6 goblins
  8 hobgoblins
  8 jackals
  A quokka (D:4)
  11 bats
  6 frilled lizards
  6 kobolds
  A leopard gecko skeleton (D:4)
  A leopard gecko zombie (D:5)
  6 rats
114 creatures vanquished.

Vanquished Creatures (others)
  5 toadstools (D:1)
5 creatures vanquished.

Grand Total: 119 creatures vanquished

Notes
Turn   | Place    | Note
-------+----------+-------------------------------------------
     0 | Abyss:1  | Gargoyl the Centaur Abyssal Knight began the quest for the
                  | Orb.
     0 | Abyss:1  | Reached XP level 1. HP: 19/19 MP: 2/2
    57 | Abyss:1  | Found a corrupted altar of Lugonu.
   116 | Abyss:1  | Noticed a large abomination
   180 | Abyss:2  | Noticed a large abomination
   187 | Abyss:2  | Noticed a rust devil
   212 | D:1      | Escaped the Abyss
   274 | D:1      | Reached * piety under Lugonu
   274 | D:1      | Reached XP level 2. HP: 10/26 MP: 3/3
   665 | D:1      | Reached skill level 1 in Dodging
   671 | D:1      | Reached XP level 3. HP: 27/31 MP: 4/4
  1950 | D:2      | Reached XP level 4. HP: 21/38 MP: 4/6
  2103 | D:2      | Reached ** piety under Lugonu
  2629 | D:3      | Found a shattered altar of Ashenzari.
  3012 | D:3      | Reached XP level 5. HP: 45/45 MP: 7/7
  3663 | D:3      | Reached *** piety under Lugonu
  4042 | D:4      | Reached XP level 6. HP: 48/52 MP: 8/8
  4537 | D:4      | Noticed Natasha
  4597 | D:4      | Killed Natasha
  4783 | D:4      | Noticed Natasha
  4789 | D:4      | Killed Natasha
  5209 | D:4      | HP: 2/52 [ogre/+0 giant club (23)]
  5217 | D:5      | Entered Level 5 of the Dungeon
  5350 | D:5      | Gained mutation: Your muscles are strong. (Str +2) [potion
                  | of mutation]
  5350 | D:5      | Gained mutation: You occasionally shout uncontrollably at
                  | your foes. [potion of mutation]
  5350 | D:5      | Gained mutation: You have a pair of small horns on your
                  | head. [potion of mutation]
  5394 | D:5      | Reached XP level 7. HP: 17/58 MP: 9/9
  5404 | D:4      | Reached skill level 4 in Fighting
  5556 | D:5      | HP: 2/59 [ice beast (12)]
  5565 | D:5      | HP: 2/88 [ice beast (3)]
  5565 | D:5      | Slain by an ice beast

Levels and vault maps discovered:
D:1:      ldierk_walled_garden, layout_basic, serial_rivers,
          chequers_serial_rivers_room_b, chequers_serial_rivers_marsh,
          chequers_serial_rivers_room_a, chequers_serial_rivers_large_a,
          chequers_serial_rivers_marsh, chequers_serial_rivers_small_3
D:2:      layout_loops_corners
D:3:      layout_loops_cross, first_ration, cheibrodos_ashenzari_chains
D:4:      layout_loops_cross, uniq_natasha
D:5:      layout_basic, temple_green, gammafunk_ghost_smash

Skill      XL: |  1  2  3  4  5  6  7 |
---------------+----------------------+-----
Axes           | 2 3 |  3.6
Dodging        | 1 2 |  2.2
Armour         | 2 3 |  3.8
Invocations    | 3 |  3.9
Fighting       | 4 |  4.0
Shields        | |  0.3

Action                   |  1- 3 |  4- 6 |  7- 9 || total
-------------------------+-------+-------+-------++-------
Melee: Hand axe          |   119 |   279 |    14 ||   412
       Kick              |    23 |    36 |     4 ||    63
       Headbutt          |       |     3 |     4 ||     7
Invok: Depart the Abyss  |     1 |       |       ||     1
  Use: Scroll            |     5 |     3 |     3 ||    11
       Potion            |     3 |     5 |     2 ||    10
  Eat: Chunk             |     2 |    10 |     1 ||    13
Armor: Chain mail        |   113 |   216 |     5 ||   334
       Skin              |       |       |     1 ||     1
Dodge: Dodged            |    34 |    58 |     4 ||    96
Block: Buckler           |       |    16 |     1 ||    17

Table legend:
 A = Non-vault XP
 B = Vault XP
 C = Vault XP percentage of total XP
 D = Non-vault monster count
 E = Vault monster count
 F = Vault count percentage of total count
                 A         B        C        D         E       F
            +---------+---------+-------+---------+---------+-------
      Total |     919 |      33 |   3.5 |     113 |       1 |   0.9
            +---------+---------+-------+---------+---------+-------
        D:1 |      66 |       0 |   0.0 |      31 |       0 |   0.0
        D:2 |      44 |       0 |   0.0 |      14 |       0 |   0.0
        D:3 |     210 |       0 |   0.0 |      40 |       0 |   0.0
        D:4 |     474 |      33 |   6.5 |      25 |       1 |   3.8
        D:5 |     125 |       0 |   0.0 |       3 |       0 |   0.0
            +---------+---------+-------+---------+---------+-------
